 Dungeon Crawl Stone Soup version 0.19.0-19-g8c6edcc (console) character file.

76 Kloppie the Skirmisher (level 4, -2/57 HPs)
             Began as a Demonspawn Berserker on Nov 14, 2016.
             Was a Believer of Trog.
             Slain by Quirk's ghost (4 damage)
             ... on level 3 of the Dungeon.
             The game lasted 00:02:26 (1587 turns).

Kloppie the Skirmisher (Demonspawn Berserker)       Turns: 1587, Time: 00:02:26

Health: -2/57      AC:  6    Str: 22    XL:     4   Next: 12%
Magic:  4/4        EV: 11    Int:  9    God:    Trog [**....]
Gold:   110        SH:  0    Dex: 13    Spells: 0 memorised, 3 levels left

rFire  . . .     SeeInvis .     a - +0 hand axe
rCold  . . .     Gourm    .     l - +0 ring mail
rNeg   . . .     Faith    .     (no shield)
rPois  .         Spirit   .     (no helmet)
rElec  .         Reflect  .     (no cloak)
rCorr  .         Harm     .     (no gloves)
MR     .....                    (no boots)
Stlth  ..........               (no amulet)
                                (no ring)
                                (no ring)

@: berserking (expiring), very quick
A: hooves 1, rugged brown scales 1
a: Berserk, Trog's Hand, Burn Spellbooks, Renounce Religion


You were on level 3 of the Dungeon.
You worshipped Trog.
Trog was pleased with you.
You were hungry.

You visited 1 branch of the dungeon, and saw 3 of its levels.

You collected 110 gold pieces.

Inventory:

Hand Weapons
 a - a +0 hand axe (weapon)
Armour
 l - a +0 ring mail (worn)
Jewellery
 g - an uncursed ring of stealth {unknown}
Scrolls
 d - 3 scrolls of identify {unknown}
 e - 3 scrolls of amnesia {unknown}
 i - a scroll of recharging {unknown}
 o - a scroll of random uselessness {unknown}
 p - a scroll of teleportation {unknown}
Potions
 j - a potion of invisibility {unknown}
 k - 2 potions of curing {unknown}
 n - a potion of degeneration {unknown}
Comestibles
 b - 2 chunks of flesh
 c - 2 bread rations
 f - 3 fruits
 h - a beef jerky
 m - a meat ration


   Skills:
 + Level 4.0 Fighting
 + Level 3.7 Axes
 - Level 1.7 Armour
 - Level 1.7 Dodging


You had 3 spell levels left.
You didn't know any spells.

Dungeon Overview and Level Annotations

Branches:
Dungeon (3/15)

Altars:

Annotations:
D:3 Quirk's ghost, amateur GrFi


Innate Abilities, Weirdness & Mutations

You have large cloven feet.
You are partially covered in rugged brown scales. (AC +1, +3% HP)


Message History

* * * LOW HITPOINT WARNING * * *
You completely miss Quirk's ghost.
Quirk's ghost is heavily damaged.
Quirk's ghost hits you.
* * * LOW HITPOINT WARNING * * *
You slash Quirk's ghost!
You kick Quirk's ghost, but do no damage.
Quirk's ghost is severely damaged.
Quirk's ghost barely misses you.
You hit Quirk's ghost.
Quirk's ghost is severely damaged.
Quirk's ghost hits you!
* * * LOW HITPOINT WARNING * * *
You hit Quirk's ghost. Your kick misses Quirk's ghost.
Quirk's ghost is severely damaged.
You hit Quirk's ghost.
You kick Quirk's ghost, but do no damage.
Quirk's ghost is almost destroyed.
Quirk's ghost hits you.
You die...

#..........#
...........
#........#
##.>......##
#..........#
#[.....<...#
#...<......#
#%.........#
#...@......#
##..W.....##
##......##
########


You could see Quirk's ghost.

Vanquished Creatures
  2 adders (D:2)
  An ooze (D:2)
  2 worms (D:2)
  A dart slug (D:2)
  A leopard gecko (D:1)
  2 ball pythons
  6 bats
  A giant cockroach (D:1)
  7 goblins
  8 hobgoblins
  A quokka (D:2)
  2 frilled lizards (D:2)
  7 kobolds (D:1)
  2 rats (D:2)
43 creatures vanquished.

Notes
Turn   | Place    | Note
-------+----------+-------------------------------------------
     0 | D:1      | Kloppie the Demonspawn Berserker began the quest for the Orb.
     0 | D:1      | Reached XP level 1. HP: 18/18 MP: 1/1
    85 | D:1      | Gained mutation: You have large cloven feet. [demonic ancestry]
    85 | D:1      | Reached XP level 2. HP: 18/24 MP: 2/2
   859 | D:1      | Reached ** piety under Trog
   905 | D:2      | Reached XP level 3. HP: 30/30 MP: 3/3
  1225 | D:2      | Reached skill level 4 in Fighting
  1359 | D:2      | Gained mutation: You are partially covered in rugged brown scales. (AC +1, +3% HP) [demonic ancestry]
  1359 | D:2      | Reached XP level 4. HP: 28/38 MP: 4/4
  1574 | D:3      | Noticed Quirk's ghost (amateur GrFi)
  1585 | D:3      | HP: 2/57 [Quirk's ghost (9)]
  1587 | D:3      | Slain by Quirk's ghost

Skill      XL: |  1  2  3 |
---------------+----------+-----
Axes           | 3 |  3.7
Fighting       | 4 |  4.0
Armour         | |  1.7
Dodging        | |  1.7

Action                   |  1- 3 |  4- 6 || total
-------------------------+-------+-------++-------
Melee: Hand axe          |   145 |    17 ||   162
       Kick              |    22 |     6 ||    28
Invok: Berserk           |     5 |     1 ||     6
  Eat: Chunk             |     6 |     1 ||     7
Armor: Animal skin       |    17 |       ||    17
       Ring mail         |    34 |     1 ||    35
Dodge: Dodged            |   118 |     6 ||   124
